 Dungeon Crawl Stone Soup version 0.28-a0-1159-g27aa881441 (webtiles) character file.

Game seed: 11113686328015034799

61 patchburns1 the Skirmisher (level 3, -2/29 HPs)
             Began as a Demonspawn Cinder Acolyte on Dec 16, 2021.
             Was a High Priest of Ignis.
             Killed from afar by Grinder (5 damage)
             ... with a puff of flame
             ... on level 3 of the Dungeon.
             The game lasted 00:09:59 (2319 turns).

patchburns1 the Skirmisher (DsCA)                   Turns: 2319, Time: 00:09:59

Health: -2/29      AC:  2    Str: 14    XL:     3   Next: 83%
Magic:  5/5        EV: 11    Int: 17    God:    Ignis [*****.]
Gold:   33         SH:  0    Dex:  8    Spells: 1/5 levels left

rFire   + . .      SeeInvis .   a - -1 spear (flame)
rCold   . . .      Faith    .   (no shield)
rNeg    . . .      Spirit   .   b - +0 robe
rPois   .          Reflect  .   (no helmet)
rElec   .          Harm     .   (no cloak)
rCorr   .          Rampage  .   (no gloves)
Will    .....                   (no boots)
Stlth   +.........              d - amulet of magic regeneration
HPRegen 0.09/turn               (no ring)
MPRegen 0.49/turn               (no ring)

@: no status effects
A: condensation shield
a: Renounce Religion, Fiery Armour, Foxfire Swarm, Rising Flame


You were on level 3 of the Dungeon.
You worshipped Ignis.
Ignis was extremely pleased with you.
You visited 1 branch of the dungeon, and saw 3 of its levels.

You collected 33 gold pieces.

Inventory:

Hand Weapons
 a - a -1 spear of flaming (weapon)
Missiles
 f - a throwing net (quivered)
 i - 48 stones
 j - 5 curare-tipped darts
 m - 15 bolts
Armour
 b - a +0 robe (worn)
Jewellery
 d - an amulet of magic regeneration (around neck)
 o - a +6 ring of dexterity
Scrolls
 c - a scroll of teleportation {unknown}
 e - a scroll of enchant weapon {unknown}
 g - a scroll of identify {unknown}
 l - a scroll of vulnerability {unknown}
 n - a scroll of acquirement {unknown}
Potions
 h - a potion of curing {unknown}
 k - a potion of might {unknown}


   Skills:
 * Level 3.3 Fighting
 + Level 3.0 Polearms
 + Level 0.4 Armour
 * Level 0.9 Dodging
 + Level 0.5 Stealth
 * Level 1.8 Spellcasting
 + Level 0.1 Conjurations
 + Level 3.0 Fire Magic


You had one spell level left.
You knew the following spells:

 Your Spells              Type           Power      Damage    Failure   Level
a - Scorch                Fire           22%        2d6       9%          2
b - Searing Ray           Conj           2%         2d4       28%         2

Your spell library contained the following spells:

 Spells                   Type           Power      Damage    Failure   Level
 Frozen Ramparts          Ice            2%         1d2       52%         3
 Cause Fear               Hex            0%         N/A       89%         4
 Ice Form                 Ice/Tmut       1%         N/A       89%         4
 Summon Ice Beast         Ice/Summ       1%         N/A       89%         4
 Dragon Form              Tmut           0%         N/A       100%        7
 Lehudib's Crystal Spear  Conj/Erth      0%         10d2      100%        8
 Dragon's Call            Summ           0%         N/A       100%        9


Dungeon Overview and Level Annotations

Branches:
Dungeon (3/15)

Altars:
Elyvilon
Zin

Annotations:
D:3 2 transporters, Grinder; Jessica; sirJeffrey23's ghost, amateur DsGl


Innate Abilities, Weirdness & Mutations

A meltable shield of frost defends you. (SH +0)


Message History

Grinder comes into view.
She is carrying a wand of flame (12).
Grinder shouts!
Casting: Scorch (safe; 9% risk of failure)
Confirm with . or Enter, or press ? or * to list all spells.
Nothing appears to happen.
Casting: Scorch (safe; 9% risk of failure)
Confirm with . or Enter, or press ? or * to list all spells.
Flames lash Grinder.
Grinder is lightly wounded.
Grinder's fire resistance burns away.
Reach: a) -1 spear (flame)
Press: ? - help, Dir - move target, f - Grinder
Aim: Grinder, carrying a wand of flame (12) (lightly wounded, more vulnerable to fire, about 47% to evade your -1 spear of flaming)
You reach to attack!
You hit Grinder but do no damage.
Grinder is lightly wounded.
You reach to attack!
You hit Grinder. You burn Grinder.
Grinder is moderately wounded.
Grinder blinks!
No target in view!
You see here a worm corpse.
You start resting.
Jessica the Apprentice Sorceress comes into view.
She is wielding a +0 dagger.
Grinder gestures at you. Pain shoots through your body!
Jessica shouts!
Jessica casts a spell at you. Pain shoots through your body!
* * * LOW HITPOINT WARNING * * *
Grinder gestures at you. Pain shoots through your body!
* * * LOW HITPOINT WARNING * * *
Jessica mumbles something strange.
Jessica gestures wildly while chanting.
Jessica blinks!
Grinder zaps a wand.
The puff of flame hits you.
Your condensation shield dissipates!
You resist.
* * * LOW HITPOINT WARNING * * *
Grinder zaps a wand.
The puff of flame hits you. You resist.
You die...

##.## # #. #.# #...# #.
#.###.###.# #.P.#
##.##.........# #...#
#...#.@##†##### ##.##
.....##.# #.# #...#.5##.#
##### ##.## #####.....#
###...###...###...##.####
#...P....._.@...P..5@#
#.#...###...###...####
##.##### ##.## ##### #..#
#.# ##.####### #.#
#......... ... #.#######.
.P. #.# ..# #.#


You could see Grinder.

Vanquished Creatures
  An adder (D:2)
  A worm (D:3)
  4 ball pythons
  7 endoplasms
  A giant cockroach (D:2)
  6 goblins
  6 hobgoblins
  4 kobolds
  4 quokkas
  3 bats
  2 frilled lizards
  2 rats
41 creatures vanquished.

Vanquished Creatures (others)
  7 plants
7 creatures vanquished.

Grand Total: 48 creatures vanquished

Notes
Turn   | Place    | Note
-------+----------+-------------------------------------------
     0 | D:1      | patchburns1 the Demonspawn Cinder Acolyte began the quest
                  | for the Orb.
     0 | D:1      | Reached XP level 1. HP: 18/18 MP: 2/2
   381 | D:1      | Gained mutation: A meltable shield of frost defends you.
                  | (SH +0) [demonic ancestry]
   381 | D:1      | Reached XP level 2. HP: 10/24 MP: 3/3
   565 | D:1      | Got Vehumet's Incunabulum of Arcane Weapons
   602 | D:1      | Learned a level 2 spell: Scorch
   757 | D:1      | Found a faded altar of an unknown god.
   757 | D:1      | Noticed a golden eye
   784 | D:1      | Noticed a great orb of eyes
   784 | D:1      | Noticed an eye of devastation
   784 | D:1      | Noticed a floating eye
  1035 | D:1      | You fall into a shaft and drop 1 floor!
  1540 | D:2      | Reached XP level 3. HP: 29/29 MP: 5/5
  1777 | D:2      | Learned a level 2 spell: Searing Ray
  2153 | D:3      | Found a transporter.
  2158 | D:3      | Found a transporter.
  2181 | D:3      | Noticed sirJeffrey23's ghost (amateur DsGl)
  2187 | D:3      | Identified the +8 spear of Tahops {pain, rElec}
  2297 | D:3      | Noticed Grinder
  2309 | D:3      | Noticed Jessica
  2319 | D:3      | Killed from afar by Grinder

Illustrated notes

Levels and vault maps discovered:
D:1:      psy_arrival_dodecagon, layout_loops_corners,
          hellmonk_ecumenical_altar_watching_god
D:2:      layout_rooms, serial_forest, infiniplex_forest_clump_curved,
          infiniplex_forest_clump_large, infiniplex_forest_clump_tiny,
          infiniplex_forest_straight_4, infiniplex_forest_join, basic_altar,
          grunt_ministairs_2
D:3:      layout_loops_corners, amcnicky_altar_gilded, fedhas_altar_3,
          elyvilon_altar_1, gammafunk_ghost_gnarly_gnolls, uniq_grinder,
          uniq_jessica

Skill      XL: |  1  2  3 |
---------------+----------+-----
Fire Magic     | 3 |  3.0
Polearms       | 3 |  3.0
Fighting       | |  3.3
Armour         | |  0.4
Dodging        | |  0.9
Stealth        | |  0.5
Spellcasting   | |  1.8
Conjurations   | |  0.1

Action                   || total
-------------------------++-------
Melee: Spear             ||   144
 Cast: Scorch            ||     5
 Stab: Sleeping          ||     1
Armor: Robe              ||    15
Dodge: Dodged            ||    43
Block: Other             ||     9

Table legend: (Time is in decaauts)
 A = Elapsed time spent in this place.
 B = Non-inter-level travel time spent in this place.
 C = Inter-level travel time spent in this place.
 D = Time resting spent in this place.
 E = Time spent auto-exploring this place.
 F = Levels seen in this place.
 G = Mean time per level.
                   A        B        C        D        E       F      G
               +--------+--------+--------+--------+--------+-----+--------+
         Total |   2312 |   2312 |      0 |    476 |   1193 |   3 |  770.7 |
       Dungeon |   2312 |   2312 |      0 |    476 |   1193 |   3 |  770.7 |
               +--------+--------+--------+--------+--------+-----+--------+

Top non-repeatable levels by time:
     D:1: 1459 daAuts
     D:2: 645 daAuts
     D:3: 207 daAuts
